 Dungeon Crawl Stone Soup version 0.29.1-15-g9cfb28693d (webtiles) character file.

Game seed: 156487726954426244

508 devnull the Chopper (level 7, -11/52 HPs)
             Began as a Human Gladiator on Feb 25, 2023.
             Was a Follower of Nemelex Xobeh.
             Mangled by Blork the orc
             ... wielding a +0 war axe of electrocution
              (19 damage)
             ... on level 4 of the Dungeon.
             The game lasted 00:12:17 (4554 turns).

devnull the Chopper (Human Gladiator)               Turns: 4554, Time: 00:12:17

Health: -11/52     AC:  9    Str: 17    XL:     7   Next: 42%
Magic:  7/7        EV: 11    Int:  8    God:    Nemelex Xobeh [*.....]
Gold:   192        SH:  0    Dex: 14    Spells: 6/6 levels left

rFire   . . .      SeeInvis .   a - +0 broad axe (spect)
rCold   . . .      Faith    .   (no shield)
rNeg    . . .      Spirit   .   l - +0 ring mail
rPois   .          Reflect  .   c - +0 helmet
rElec   .          Harm     .   (no cloak)
rCorr   .          Rampage  .   t - +1 pair of gloves
Will    .....                   o - +0 pair of boots
Stlth   +.........              (no amulet)
HPRegen 0.17/turn               (no ring)
MPRegen 0.10/turn               (no ring)

@: studying Necromancy
A: no striking features
a: Renounce Religion, Draw Escape, Draw Destruction, Draw Summoning


You were on level 4 of the Dungeon.
You worshipped Nemelex Xobeh.
Nemelex Xobeh was aware of your devotion.
You visited 1 branch of the dungeon, and saw 4 of its levels.

You collected 192 gold pieces.

Inventory:

Hand Weapons
 a - a +0 spectral broad axe (weapon)
Missiles
 d - a throwing net (quivered)
 e - a javelin
 g - 2 boomerangs of dispersal
 k - 4 silver boomerangs
 r - 2 atropa-tipped darts
Armour
 b - a +0 leather armour
 c - a +0 helmet (worn)
 l - a +0 ring mail (worn)
 o - a +0 pair of boots (worn)
 t - a +1 pair of gloves (worn)
Scrolls
 h - 2 scrolls of butterflies
 p - a scroll of summoning {unknown}
 q - a scroll of blinking {unknown}
Potions
 f - 2 potions of curing
 i - a potion of flight
 j - a potion of brilliance
 m - a potion of lignification
 n - a potion of invisibility


   Skills:
 - Level 3.3 Fighting
 + Level 7.4 Axes
 - Level 2.0 Throwing
 - Level 0.2 Armour
 - Level 3.0 Dodging


You had 6 spell levels left.
You didn't know any spells.
Your spell library contained the following spells:

 Spells                   Type           Power      Damage    Failure   Level
 Necrotise                Necr           0%         1d4       63%         1
 Conjure Flame            Conj/Fire      0%         6-21      94%         3
 Ignite Poison            Fire/Tmut/Pois 0%         N/A       94%         3
 Sticky Flame             Conj/Fire      0%         2d3       100%        4


Dungeon Overview and Level Annotations

Branches:
Dungeon (4/15)
 Temple: D:4-7

Altars:
Nemelex Xobeh

Annotations:
D:4 2 transporters, Blork the orc; Pikel; hawla's ghost, amateur MeIE


Message History

Your +0 spectral broad axe barely misses the lemure.
Your +0 spectral broad axe hits Pikel!
Pikel hits you but does no damage. The lemure completely misses you.
Blork the orc looks satisfied for a moment.
The lemure barely misses you. Pikel hits you but does no damage.
You closely miss Pikel.
Pikel is moderately wounded.
You hit the lemure.
Your +0 spectral broad axe hits the lemure!
Your +0 spectral broad axe completely misses Pikel.
Pikel barely misses you.
The lemure misses your +0 spectral broad axe.
You closely miss Pikel.
Pikel is moderately wounded.
You barely miss the lemure. You barely miss Blork the orc.
Your +0 spectral broad axe barely misses the lemure.
Your +0 spectral broad axe hits Pikel.
Your +0 spectral broad axe hits the goblin!
You kill the goblin!
Blork the orc barely misses you.
Pikel cracks his whip.
Pikel hits you but does no damage.
You are electrocuted!!
The lemure misses your +0 spectral broad axe.
You barely miss Blork the orc. You punch Blork the orc.
Blork the orc is heavily wounded.
You hit Pikel. You barely miss the lemure.
Your +0 spectral broad axe misses Pikel.
Your +0 spectral broad axe hits the lemure!
You kill the lemure!
That felt strangely unrewarding.
Blork the orc hits you with a +0 war axe of electrocution!
The lemure misses your +0 spectral broad axe.
Pikel hits you with a +0 whip of electrocution.
* * * LOW HITPOINT WARNING * * *
The lemure barely misses your +0 spectral broad axe.
Blork the orc hits you with a +0 war axe of electrocution!
* * * LOW HITPOINT WARNING * * *
You are electrocuted!!
You die...
Your body disappears without a glow.

###.#.#[###.########
####..... #†# #.
#........#.###.#######.
......(###............
#......#.###......... .
##......# #..#######
...#.....#.####..#.....
.#...............#.....
.....).@...####..#..###
.#....(Ko#.# #..#..# .
##...55##># #..#$.....
#...g5##.# #.©#?....
.......##.# #..#.....
..#[.......# #..#..#8 #
####..#### #..#..###.
#.># #..#......
#..#######.5#©.....


You could see Pikel, Blork the orc, 3 lemures, a goblin and a friendly +0
spectral broad axe (summoned).

Vanquished Creatures
  An ice beast (D:3)
  An ogre (D:3)
  A lemure (D:4)
  A phantom (D:3)
  A jelly (D:4)
  An orc priest (D:4)
  2 iguanas (D:4)
  3 gnolls
  4 adders
  3 worms
  5 dart slugs
  2 orcs (D:4)
  8 ball pythons
  5 bats
  2 endoplasms (D:1)
  3 giant cockroaches
  4 goblins
  9 hobgoblins
  2 jackals (D:2)
  5 kobolds
  5 quokkas
  4 frilled lizards
  5 rats
77 creatures vanquished.

Notes
Turn   | Place    | Note
-------+----------+-------------------------------------------
     0 | D:1      | devnull the Human Gladiator began the quest for the Orb.
     0 | D:1      | Reached XP level 1. HP: 16/16 MP: 1/1
   207 | D:1      | Reached XP level 2. HP: 22/22 MP: 2/2
   226 | D:1      | You fall into a shaft and drop 1 floor!
   384 | D:1      | Found a faded altar of an unknown god.
   391 | D:1      | Got Plato's Disquisition on Evil Magic
   425 | D:1      | Reached XP level 3. HP: 28/28 MP: 3/3
  1068 | D:2      | Reached XP level 4. HP: 34/35 MP: 4/4
  1171 | D:2      | Reached skill level 4 in Axes
  2007 | D:3      | Noticed an ice beast
  2019 | D:3      | Killed an ice beast
  2020 | D:3      | Reached skill level 5 in Axes
  2020 | D:3      | Reached XP level 5. HP: 31/41 MP: 5/5
  2234 | D:3      | Reached XP level 6. HP: 47/47 MP: 6/6
  2337 | D:3      | Reached skill level 6 in Axes
  2704 | D:3      | Noticed an ogre
  2728 | D:3      | Killed an ogre
  2953 | D:3      | Reached XP level 7. HP: 52/52 MP: 7/7
  2996 | D:4      | Found a transporter.
  3000 | D:4      | Noticed hawla's ghost (amateur MeIE)
  3054 | D:4      | Noticed Pikel
  3079 | D:4      | Noticed Blork the orc
  3088 | D:4      | Found a transporter.
  4109 | D:1      | Prayed at the altar of an unknown god.
  4109 | D:1      | Became a worshipper of Nemelex Xobeh the Trickster
  4109 | D:1      | Reached * piety under Nemelex Xobeh
  4109 | D:1      | Received a gift from Nemelex Xobeh
  4201 | D:4      | Reached skill level 7 in Axes
  4554 | D:4      | Mangled by Blork the orc

Illustrated notes

Levels and vault maps discovered:
D:1:      dpeg_arrival_tiny_i, layout_loops_ring,
          shapermc_ecumenical_altar_rom_forum
D:2:      layout_loops_ring, minmay_unequal
D:3:      layout_basic
D:4:      layout_loops_ring, gammafunk_ghost_mausoleum, uniq_crazy_yiuf_cottage,
          uniq_pikel, uniq_blork_the_orc

Skill      XL: |  1  2  3  4  5  6  7 |
---------------+----------------------+-----
Fighting       | 3 |  3.3
Axes           | 5 6 7 |  7.4
Throwing       | |  2.0
Armour         | |  0.2
Dodging        | |  3.0

Action                   |  1- 3 |  4- 6 |  7- 9 || total
-------------------------+-------+-------+-------++-------
Melee: War axe           |    69 |   118 |    34 ||   221
       Punch             |       |     1 |     1 ||     2
       Broad axe         |       |       |    20 ||    20
Throw: Throwing net      |       |     3 |       ||     3
       Javelin           |       |     2 |     1 ||     3
       Boomerang         |       |       |     1 ||     1
Invok: Draw Destruction  |       |       |     3 ||     3
  Use: Scroll            |     4 |     4 |     4 ||    12
       Potion            |       |       |     6 ||     6
 Stab: Held in net/web   |       |     1 |       ||     1
       Invisible         |       |       |     1 ||     1
Armor: Leather armour    |     9 |       |       ||     9
       Ring mail         |    19 |    48 |    23 ||    90
       Skin              |       |       |     2 ||     2
Dodge: Dodged            |    58 |    72 |    35 ||   165
